 Dungeon Crawl Stone Soup version bcrawl-1.36.2 (webtiles) character file.

Game seed: 3102306731706564120

393247 Morbidden the Covert (level 11, -9/64 HPs)
             Began as a Mana Stalker Archaeologist on May 20, 2022.
             Was a High Priest of Dithmenos.
             Splashed by an oklob plant's acid (17 damage)
             ... on level 1 of the Lair of Beasts.
             The game lasted 00:21:24 (10019 turns).

Morbidden the Covert (Mana Stalker Archaeologist)  Turns: 10019, Time: 00:21:25

Health: -9/64      AC:  4    Str: 18    XL:     11   Next: 81%
Magic:  30/30      EV: 18    Int: 18    God:    Dithmenos [*****.]
Gold:   273        SH:  0    Dex: 15    Spells: 18/22 levels left

rFire    + . .     SeeInvis +   a - +1 dagger (venom)
rCold    + . .     Gourm    .   (no shield)
rNeg     + . .     Faith    .   N - +1 troll leather armour
rPois    .         Spirit   .   k - +0 mask of the Dragon {MR+ Slay+3 SInv}
rElec    .         Reflect  .   K - scarf {clouds}
rCorr    .                      s - +2 pair of gloves
MR       +++..                  r - +1 pair of boots
Stlth    +++++++...             t - amulet of the acrobat
HPRegen  1.00/turn              L - ring of protection from fire
MPRegen  0.22/turn              h - ring of Jurios {*Drain rN+ MP+9 Str+4 Int+3}

@: corroded, wreathed by umbra
A: fangs 3, iridescent scales 1, blurry vision 1, cold resistance 1, magic
resistance 1, regeneration 1, antimagic bite, no potion heal 3, rot immunity,
strong jaws
a: Shadow Step, Shadow Form, Renounce Religion, Evoke Fog


You were on level 1 of the Lair of Beasts.
You worshipped Dithmenos.
Dithmenos was extremely pleased with you.
You were not hungry.

You visited 3 branches of the dungeon, and saw 11 of its levels.
You also visited: Sewer, Ossuary and Bailey.

You collected 804 gold pieces.
You spent 531 gold pieces at shops.

Inventory:

Hand Weapons
 a - a +1 dagger of venom (weapon)
 b - a +0 blowgun
 J - a +5 vampiric quick blade
 P - the +7 double sword of the Abyss {holy, rF+ rN+ MR-}
   (You found it in a bailey)

   It has been blessed by the Shining One to cause great damage to the undead
   and demons.
   It protects you from fire.
   It protects you from negative energy.
   It affects your resistance to hostile enchantments.
Missiles
 f - 6 curare-tipped needles
 z - 337 poisoned needles
 A - 318 poisoned tomahawks (quivered)
Armour
 k - the +0 mask of the Dragon (worn) {MR+ Slay+3 SInv}
   (You acquired it on level 9 of the Dungeon)

   It affects your accuracy and damage with ranged weapons and melee attacks
   (+3).
   It affects your resistance to hostile enchantments.
   It lets you see invisible.
 r - a +1 pair of boots (worn)
 s - a +2 pair of gloves (worn)
 y - a +1 plate armour of fire resistance
 K - a scarf of clouds (worn)
 M - a +2 chain mail of poison resistance
 N - a +1 troll leather armour (worn)
Jewellery
 h - the ring of Jurios (right hand) {*Drain rN+ MP+9 Str+4 Int+3}
   (You acquired it on level 3 of the Dungeon)

   [ring of magical power]

   It affects your strength (+4).
   It affects your intelligence (+3).
   It protects you from negative energy.
   It affects your magic capacity (+9).
   It causes draining when unequipped.
 m - an uncursed ring of positive energy
 t - an amulet of the acrobat (around neck)
 C - an uncursed ring of magical power
 L - a ring of protection from fire (left hand)
 U - an uncursed amulet of regeneration {unknown}
Wands
 B - a wand of flame (36)
 Q - a wand of iceblast (9)
Scrolls
 c - a scroll of fear
 g - a scroll of magic mapping
 i - 8 scrolls of identify
 l - 7 scrolls of remove curse
 o - 2 scrolls of immolation
 q - 5 scrolls of teleportation
 G - a scroll of vulnerability
 H - 4 scrolls of fog
 I - 4 scrolls of blinking
 R - a scroll of enchant armour
 S - a scroll of noise {unknown}
 T - a scroll of enchant weapon {unknown}
Potions
 j - 5 potions of haste
 n - 2 potions of might
 p - 4 potions of agility
 u - 4 potions of curing
 v - 4 potions of magic
 w - a potion of resistance
 x - 2 potions of ambrosia
 D - 2 potions of heal wounds
 E - a potion of brilliance
 F - a potion of invisibility
 O - 2 potions of flight
Comestibles
 d - 2 chunks of flesh
 e - 28 rations {!d}


   Skills:
 * Level 5.3 Fighting
 * Level 8.0(8.2) Short Blades
 * Level 2.4(5.6) Long Blades
   Level 0.8 Maces & Flails
 + Level 1.8 Throwing
 + Level 2.5 Armour
 * Level 9.8 Dodging
 + Level 10.0 Stealth
 + Level 2.5 Unarmed Combat
 * Level 6.1 Spellcasting
 * Level 3.8 Conjurations
 * Level 1.8 Ice Magic
 * Level 5.3 Invocations


You had 18 spell levels left.
You knew the following spells:

 Your Spells              Type           Power        Failure   Level  Hunger
a - Throw Icicle          Conj/Ice       ###.....     41%         4    ####...

Your spell library contained the following spells:

 Spells                   Type           Power        Failure   Level  Hunger
 Throw Frost              Conj/Ice       ###...       2%          2    None
 Magic Dart               Conj           ###.         3%          1    None
 Freeze                   Ice            ##....       6%          1    None
 Conjure Flame            Conj/Fire      ##......     19%         3    ##.....
 Blink                    Tloc           N/A          22%         2    None
 Call Imp                 Summ           #.....       22%         2    None
 Mephitic Cloud           Conj/Pois/Air  ##......     26%         3    ##.....
 Ozocubu's Armour         Chrm/Ice       #.......     28%         3    ##.....
 Spider Form              Tmut/Pois      #..          38%         3    ##.....
 Ice Form                 Ice/Tmut       #.......     67%         4    ####...
 Summon Ice Beast         Ice/Summ       #.......     67%         4    ####...


Dungeon Overview and Level Annotations

Branches:
Dungeon (9/12)             Temple (1/1) D:4            Lair (1/6) D:9
    Orc (0/1) D:8

Altars:
Cheibriados
Dithmenos
Hepliaklqana
Kikubaaqudgha
Lugonu
Nemelex Xobeh
Okawaru
Ru
Xom
Zin

Shops:
D:5 *   D:8 ?

Annotations:
D:3 1 runed translucent door, tirquin's ghost, amateur DrTm
D:8 1 runed translucent door, yrara's ghost, journeyman DsFi
Lair:1 exclusion: 3 oklob plants


Innate Abilities, Weirdness & Mutations

You have razor-sharp teeth.
You are resistant to hostile enchantments. (MR+)
Your natural rate of healing is unusually fast.
Your bite disrupts and absorbs the magic of your enemies.
Potions cannot restore your health.
You are immune to rotting.
Your bites deal extra damage.
You are partially covered in iridescent scales. (AC +2)
Scrolls take you a little longer to read.
Your flesh is cold resistant. (rC+)


Message History

Marking area around an oklob plant as unsafe for travelling.
There are monsters nearby!
Unknown command.
No path to travel!
The oklob plant spits acid at you. The splash of acid hits you.
The acid corrodes you!
You are splashed with acid!
You see here a thick soapstone amulet.
U - a thick soapstone amulet The oklob plant spits acid at you.
The splash of acid hits you!
You are splashed with acid!
The oklob plant spits acid at you. The splash of acid hits you!
* * * LOW HITPOINT WARNING * * *
You are splashed with acid!
* * * LOW HITPOINT WARNING * * *
The oklob plant spits acid at you. The splash of acid hits you.
* * * LOW HITPOINT WARNING * * *
The acid corrodes you!
You are splashed with acid!
You die...

###### ###### #....# #....#
#....#######....##
#................#
#....######.....##
##...#(:..#......#
#....#..PP#.....##
#....#$@.P#.....#
#....#?)..#.....#
###....#P.P.#....###
##..................###
##....................÷#
##...........#..........###
#.................†.......##
####..........................#
#.#..........................###


You could see 3 oklob plants.

Vanquished Creatures
  A catoblepas (D:9)
  Psyche (D:8)
  An orc knight (Bailey)
  A black mamba (Lair:1)
  2 kobold demonologists (Bailey)
  4 trolls
  A hippogriff (D:9)
  A meliai zombie (D:9)
  A wraith (D:8)
  A basilisk (D:8)
  4 yaks
  3 vampire mosquitoes (D:9)
  Duvessa (D:7)
  5 crocodiles
  4 water moccasins
  2 porcupines (Lair:1)
  Purgy (Sewer)
  2 sky beasts (D:5)
  11 orc warriors
  A black bear (D:6)
  4 wolves (D:9)
  4 ogres
  9 bullfrogs
  2 big kobolds (D:8)
  Dowan (D:7)
  2 centaurs
  2 scorpions (D:5)
  3 wights (D:9)
  6 electric eels
  3 howler monkeys
  5 orc priests
  5 crimson imps
  3 bullfrog zombies
  6 hounds
  3 jellies
  6 orc wizards
  A human zombie (Ossuary)
  3 iguanas
  Natasha (thrice) (D:3 D:6)
  7 worker ants
  A killer bee zombie (D:6)
  2 mummies (Ossuary)
  A worker ant zombie (D:9)
  9 gnolls
  14 adders
  3 centaur zombies (Ossuary)
  A river rat (D:6)
  2 shadow imps
  2 adder skeletons
  2 adder zombies (Ossuary)
  6 worms
  45 orcs
  A ball python (Sewer)
  6 bats
  3 giant cockroaches
  15 goblins
  15 hobgoblins
  14 jackals
  11 kobolds
  7 quokkas
  9 frilled lizards
  A goblin zombie (Ossuary)
  8 hobgoblin zombies (Ossuary)
  A jackal skeleton (D:5)
  2 jackal zombies (Ossuary)
  11 kobold zombies (Ossuary)
  7 orc zombies (Ossuary)
  A quokka skeleton (D:3)
  8 rats
  2 rat zombies (Ossuary)
336 creatures vanquished.

Vanquished Creatures (others)
  A centaur (D:9)
  An adder (D:9)
  2 plants (Lair:1)
4 creatures vanquished.

Grand Total: 340 creatures vanquished

Notes
Turn   | Place    | Note
-------+----------+-------------------------------------------
     0 | D:1      | Morbidden the Vine Stalker Archaeologist began the quest
                  | for the Orb.
     0 | D:1      | Reached XP level 1. HP: 11/11 MP: 2/2
   120 | D:1      | Reached skill level 1 in Fighting
   126 | D:1      | Reached XP level 2. HP: 10/16 MP: 3/3
   535 | D:1      | Reached skill level 1 in Unarmed Combat
   540 | D:1      | Reached XP level 3. HP: 20/20 MP: 4/4
  1525 | D:2      | Found an opulent altar of Gozag.
  1527 | D:2      | Found an iron altar of Okawaru.
  1527 | D:2      | Found a blossoming altar of Fedhas.
  1529 | D:2      | Found a shadowy altar of Dithmenos.
  1529 | D:2      | Found a shimmering altar of Xom.
  1529 | D:2      | Found a shadowy altar of Dithmenos.
  1642 | D:3      | Found a sacrificial altar of Ru.
  1687 | D:3      | Reached XP level 4. HP: 25/25 MP: 4/6
  1816 | D:3      | Found a runed translucent door.
  1816 | D:3      | Noticed tirquin's ghost (amateur DrTm)
  1924 | D:3      | Reached skill level 5 in Stealth
  1924 | D:3      | Reached skill level 1 in Spellcasting
  1986 | D:3      | Noticed Natasha
  1987 | D:3      | Noticed a centaur
  1993 | D:3      | Killed Natasha
  1994 | D:3      | Reached XP level 5. HP: 14/30 MP: 7/7
  1994 | D:3      | Identified a scroll of acquirement
  2000 | D:3      | Identified the ring of Jurios {*Drain rN+ MP+9 Str+4 Int+3}
                  | (You acquired it on level 3 of the Dungeon)
  2015 | D:3      | Reached skill level 1 in Short Blades
  2272 | D:3      | Found a hazy altar of Hepliaklqana.
  2388 | D:4      | Gained mutation: You have razor-sharp teeth. [Vine Stalker
                  | growth]
  2388 | D:4      | Reached XP level 6. HP: 21/35 MP: 9/9
  2580 | D:4      | Reached skill level 5 in Dodging
  2611 | D:4      | Reached skill level 6 in Stealth
  2611 | D:4      | Reached XP level 7. HP: 40/40 MP: 11/11
  2781 | D:4      | Found a staircase to the Ecumenical Temple.
  3145 | Temple   | Entered the Ecumenical Temple
  3257 | Temple   | Became a worshipper of Dithmenos the Shadowed
  3298 | D:5      | Entered Level 5 of the Dungeon
  3485 | D:5      | Found a sand-covered staircase.
  3494 | Ossuary  | Entered an ossuary
  3653 | Ossuary  | Reached * piety under Dithmenos
  4034 | D:5      | Reached skill level 1 in Invocations
  4045 | D:5      | Gained mutation: Your bite disrupts and absorbs the magic
                  | of your enemies. [Mana Stalker growth]
  4045 | D:5      | Gained mutation: You are resistant to hostile enchantments.
                  | (MR+) [Mana Stalker growth]
  4045 | D:5      | Reached XP level 8. HP: 40/45 MP: 13/13
  4263 | D:5      | Found a sparkling altar of Nemelex Xobeh.
  4304 | D:5      | Found Huddaif's General Store.
  4307 | D:5      | Bought 3 scrolls of blinking for 225 gold pieces
  4798 | D:6      | Noticed Natasha
  4804 | D:6      | Reached ** piety under Dithmenos
  4808 | D:6      | Killed Natasha
  4838 | D:6      | Noticed Natasha
  4844 | D:6      | Killed Natasha
  5031 | D:6      | Found a glowing drain.
  5038 | Sewer    | Entered a sewer
  5080 | Sewer    | Noticed Purgy
  5098 | Sewer    | Killed Purgy
  5142 | Sewer    | Gained mutation: Your magical capacity is low. (-10% MP)
                  | [potion of mutation]
  5142 | Sewer    | Gained mutation: You occasionally shout uncontrollably at
                  | your foes. [potion of mutation]
  5142 | Sewer    | Gained mutation: Scrolls take you a little longer to read.
                  | [potion of mutation]
  5142 | Sewer    | Gained mutation: You evolve. [potion of mutation]
  5432 | D:6      | Reached XP level 9. HP: 45/51 MP: 14/14
  5712 | D:7      | Reached skill level 1 in Throwing
  5737 | D:7      | Reached skill level 5 in Short Blades
  5917 | D:7      | Noticed a troll
  5924 | D:7      | Killed a troll
  5975 | D:7      | Reached *** piety under Dithmenos
  5978 | D:7      | Reached skill level 7 in Stealth
  6115 | D:7      | Noticed Duvessa
  6119 | D:7      | Noticed Dowan
  6120 | D:7      | Noticed a troll
  6138 | D:7      | Killed Duvessa
  6164 | D:7      | Killed Dowan
  6195 | D:7      | Killed a troll
  6435 | D:7      | Noticed a troll
  6473 | D:7      | Gained mutation: You are clumsy. (Dex -2) [evolution]
  6513 | D:7      | Killed a troll
  6514 | D:7      | Lost mutation: You are clumsy. (Dex -2) [potion of
                  | mutation]
  6514 | D:7      | Lost mutation: You evolve. [potion of mutation]
  6514 | D:7      | Lost mutation: You occasionally shout uncontrollably at
                  | your foes. [potion of mutation]
  6514 | D:7      | Lost mutation: Your magical capacity is low. (-10% MP)
                  | [potion of mutation]
  6514 | D:7      | Gained mutation: Your flesh is cold resistant. (rC+)
                  | [potion of mutation]
  6514 | D:7      | Gained mutation: You are clumsy. (Dex -2) [potion of
                  | mutation]
  6514 | D:7      | Gained mutation: Scrolls take you longer to read. [potion
                  | of mutation]
  6514 | D:7      | Gained mutation: Your flesh is very cold resistant. (rC++)
                  | [potion of mutation]
  6516 | D:7      | Lost mutation: You are clumsy. (Dex -2) [potion of
                  | mutation]
  6516 | D:7      | Lost mutation: Scrolls take you longer to read. [potion of
                  | mutation]
  6516 | D:7      | Lost mutation: Scrolls take you a little longer to read.
                  | [potion of mutation]
  6516 | D:7      | Lost mutation: Your flesh is very cold resistant. (rC++)
                  | [potion of mutation]
  6516 | D:7      | Gained mutation: Scrolls take you a little longer to read.
                  | [potion of mutation]
  6516 | D:7      | Gained mutation: You are partially covered in iridescent
                  | scales. (AC +2) [potion of mutation]
  6564 | D:7      | Reached skill level 1 in Armour
  6762 | D:8      | Noticed Psyche
  6769 | D:8      | Killed Psyche
  6770 | D:8      | Reached skill level 8 in Stealth
  6770 | D:8      | Reached XP level 10. HP: 58/58 MP: 18/18
  6823 | D:8      | Found Virryp's Magic Scroll Shoppe.
  6846 | D:8      | Found a flagged portal.
  6867 | Bailey   | Entered a bailey
  6936 | Bailey   | Found an iron altar of Okawaru.
  6936 | Bailey   | Noticed a kobold demonologist
  6936 | Bailey   | Noticed a kobold demonologist
  6951 | Bailey   | Reached **** piety under Dithmenos
  6961 | Bailey   | Noticed a sixfirhy
  6985 | Bailey   | Identified the amulet "Bigretuwu" {Spirit rPois} (You
                  | acquired it in a bailey)
  7020 | Bailey   | Reached skill level 5 in Spellcasting
  7028 | Bailey   | Noticed an orc knight
  7032 | Bailey   | Killed an orc knight
  7075 | Bailey   | Killed a kobold demonologist
  7146 | Bailey   | Killed a kobold demonologist
  7263 | Bailey   | Got a fading double sword
  7267 | Bailey   | Identified the +7 double sword of the Abyss {holy, rF+ rN+
                  | MR-} (You found it in a bailey)
  7406 | Bailey   | Reached skill level 5 in Fighting
  7406 | Bailey   | Reached skill level 9 in Stealth
  7557 | D:8      | Learned a level 4 spell: Throw Icicle
  7752 | D:8      | Reached XP level 11. HP: 54/63 MP: 20/20
  7757 | D:8      | Reached ***** piety under Dithmenos
  7807 | D:8      | Found a runed translucent door.
  7807 | D:8      | Found a shimmering altar of Xom.
  7807 | D:8      | Noticed yrara's ghost (journeyman DsFi)
  7809 | D:8      | Noticed a +2 short sword of chaos
  8054 | D:8      | Reached skill level 1 in Conjurations
  8121 | D:8      | Found a staircase to the Orcish Mines.
  8195 | D:8      | Reached skill level 1 in Long Blades
  8460 | D:8      | Bought a scroll of brand weapon for 216 gold pieces
  8460 | D:8      | Bought a scroll of enchant armour for 90 gold pieces
  8731 | D:9      | Identified the +5 double sword of the Beast {protect, rC+}
                  | (You acquired it on level 9 of the Dungeon)
  8731 | D:9      | Found the +0 mask of the Dragon {MR+ Slay+3 SInv}
  8878 | D:9      | Found a staircase to the Lair.
  9010 | D:9      | Noticed a catoblepas
  9024 | D:9      | Killed a catoblepas
  9025 | D:9      | Reached skill level 5 in Invocations
  9246 | D:9      | Reached skill level 1 in Ice Magic
  9527 | Lair:1   | Entered Level 1 of the Lair of Beasts
  9627 | Lair:1   | Noticed an oklob plant
  9627 | Lair:1   | Noticed an oklob plant
 10012 | Lair:1   | Reached skill level 10 in Stealth
 10014 | Lair:1   | Noticed an oklob plant
 10019 | Lair:1   | Splashed by an oklob plant's acid

Skill      XL: |  1  2  3  4  5  6  7  8  9 10 11 |
---------------+----------------------------------+-----
Fighting       | 1 2 3 4 5 |  5.3
Unarmed Combat | 1 2 |  2.5
Dodging        | 4 5 6 7 8 9 |  9.8
Stealth        | 5 6 8 9 10 | 10.0
Spellcasting   | 1 2 3 4 5 6 |  6.1
Short Blades   | 1 2 3 4 6 7 8 |  8.0
Invocations    | 1 2 3 4 5 |  5.3
Throwing       | 1 |  1.8
Armour         | 1 2 |  2.5
Conjurations   | 3 |  3.8
Long Blades    | 2 |  2.4
Ice Magic      | 1 |  1.8
Maces & Flails | |  0.8

Action                   |  1- 3 |  4- 6 |  7- 9 | 10-12 || total
-------------------------+-------+-------+-------+-------++-------
Melee: Unarmed           |   137 |       |       |       ||   137
       Bite              |    23 |    13 |   116 |   143 ||   295
       Dagger            |    43 |    93 |   494 |   411 ||  1041
       Punch             |     3 |     4 |     5 |     3 ||    15
       Double sword      |       |       |       |    17 ||    17
Throw: Tomahawk          |       |       |     5 |    17 ||    22
Evoke: Wand              |       |       |     2 |       ||     2
  Use: Scroll            |     1 |     4 |     5 |    11 ||    21
       Potion            |       |       |    11 |     1 ||    12
 Stab: Sleeping          |     8 |     5 |    21 |    38 ||    72
  Eat: Chunk             |     7 |     5 |    13 |    17 ||    42
       Ration            |       |       |     3 |       ||     3
Armor: Robe              |    45 |    20 |    74 |       ||   139
       Troll leather arm |       |       |    14 |    54 ||    68
Dodge: Dodged            |   120 |    89 |   428 |   320 ||   957
Block: Other             |       |       |       |     1 ||     1
